 Dungeon Crawl Stone Soup version 0.19.5 (webtiles) character file.

1396 JeffiDaFish the Cudgeler (level 8, -8/49 HPs)
             Began as a Gargoyle Fighter on Nov 5, 2017.
             Killed by divine providence
             ... invoked by an orc priest
              (13 damage)
             ... on level 6 of the Dungeon on Nov 7, 2017.
             The game lasted 00:16:32 (5937 turns).

JeffiDaFish the Cudgeler (Gargoyle Fighter)         Turns: 5937, Time: 00:16:33

Health: -8/49      AC: 18    Str: 19    XL:     8   Next: 68%
Magic:  7/7        EV:  4    Int: 10    God:
Gold:   262        SH:  0    Dex: 11    Spells: 0 memorised, 7 levels left

rFire  . . .     SeeInvis .     p - +0 morningstar
rCold  . . .     Gourm    .     s - +0 plate armour
rNeg   + . .     Faith    .     c - +0 shield
rPois  ∞         Spirit   .     i - +0 helmet
rElec  +         Reflect  .     (no cloak)
rCorr  .         Harm     .     (no gloves)
MR     .....                    (no boots)
Stlth  ..........               (no amulet)
                                (no ring)
                                (no ring)

@: confused, very slightly contaminated
A: big wings, camouflage 1, low mp 1, negative energy resistance 1, electricity
resistance, unbreathing, petrification resistance, rot immunity, AC +5
a: Fly


You were on level 6 of the Dungeon.
You were hungry.

You visited 1 branch of the dungeon, and saw 6 of its levels.
You also visited: Ossuary.

You collected 262 gold pieces.

Inventory:

Hand Weapons
 p - a +0 morningstar (weapon)
Armour
 c - a +0 shield (worn)
 i - a +0 helmet (worn)
 s - a +0 plate armour (worn)
Scrolls
 b - 9 scrolls of identify
 e - a scroll of recharging
 g - a scroll of teleportation
 j - a scroll of blinking
 k - 4 scrolls of remove curse
 n - 2 scrolls of amnesia
Potions
 o - a potion of ambrosia
 q - a potion of might
Comestibles
 a - a slice of pizza
 d - a meat ration
 f - 5 bread rations
 l - 3 fruits


   Skills:
 + Level 5.0 Fighting
 + Level 7.3 Maces & Flails
 + Level 5.5 Armour
 + Level 1.8 Dodging
 + Level 0.2 Stealth
 + Level 6.2 Shields


You had 7 spell levels left.
You didn't know any spells.

Dungeon Overview and Level Annotations

Branches:
Dungeon (6/15)
 Temple: D:4-7

Altars:
Cheibriados
Sif Muna
Uskayaw

Shops:
D:5 =


Innate Abilities, Weirdness & Mutations

You are resistant to torment.
Your stone body is resilient. (AC +5)
You are immune to poison.
You resist negative energy. (rN+)
You are resistant to electric shocks. (rElec)
You can survive without breathing.
You are immune to petrification.
You are immune to rotting.
Your large and strong wings let you fly indefinitely.
Your skin changes colour to match your surroundings (Stealth+).
Your magical capacity is low. (-10% MP)


Message History

You bump into the rock wall.
The orc priest hits you with a hand axe.
* * * LOW HITPOINT WARNING * * *
The orc wizard hits you but does no damage.
You feel better. You block the orc priest's attack.
You block the orc wizard's attack.
You hit the orc priest but do no damage.
The orc priest is severely wounded.
The orc wizard hits you but does no damage.
The orc priest hits you with a hand axe.
Your plate armour prevents you from hitting the orc priest.
The orc priest is severely wounded.
The orc wizard gestures at you while chanting.
You are confused.
The orc priest calls down the wrath of Beogh upon you.
Beogh smites you!
* * * LOW HITPOINT WARNING * * *
The orc priest mumbles some strange prayers to Beogh against you.
Beogh smites you!
You die...

,,,,,_,,,,,,**#....# #.##.#...#
***,,,,****** #....#####.##.#...#
* *,,,** #####..........##.##..#
* ***,* #..o...#.#####.##..,,.. *
*,* #.####.#,* ##.####*,##
*****,**###.####.#.####...####.#*
,**,*,*,#.....##o#......#......#*
,**,*,,,#.###.##o######...######*
,**,***...* #..o@# ##.## * ,**,*
###.###.#### #.### * ,**,*
#......# #...# *
,**,**########.## ###.# *
,**,,,..........# #.# *
******########..# #.# * #..# #.#
** #..# #.#####. #..# #.......


You could see 2 orc priests and an orc wizard.

Vanquished Creatures
  Sigmund (D:2)
  The ghost of JeffiDaFish the Shield-Bearer, an amateur GrFi (D:3)
  Duvessa (D:5)
  An orc warrior (D:6)
  An ice beast (D:5)
  A phantom (D:6)
  A bullfrog (D:6)
  Dowan (D:5)
  A water moccasin skeleton (D:5)
  A centaur zombie (D:4)
  2 orc priests
  3 hounds
  Jessica (D:2)
  An iguana (D:4)
  3 orc wizards
  3 big kobold zombies (Ossuary)
  5 mummies (Ossuary)
  2 adders (D:2)
  An ooze (D:1)
  2 worms
  6 dart slugs
  9 leopard geckos
  13 orcs
  4 bats
  4 giant cockroaches
  9 goblins
  6 hobgoblins
  6 jackals
  4 quokkas
  3 ball pythons
  4 frilled lizards
  2 hobgoblin zombies (Ossuary)
  13 kobolds
  2 kobold zombies (Ossuary)
  An orc zombie (Ossuary)
  9 rats
128 creatures vanquished.

Vanquished Creatures (others)
  A bat (D:2)
  A plant (D:2)
2 creatures vanquished.

Grand Total: 130 creatures vanquished

Notes
Turn   | Place    | Note
-------+----------+-------------------------------------------
     0 | D:1      | JeffiDaFish the Gargoyle Fighter began the quest for the Orb.
     0 | D:1      | Reached XP level 1. HP: 14/14 MP: 1/1
   205 | D:1      | Reached XP level 2. HP: 19/19 MP: 2/2
   672 | D:2      | Reached XP level 3. HP: 23/23 MP: 3/3
   839 | D:2      | Noticed Jessica
   848 | D:2      | Killed Jessica
   857 | D:2      | Reached XP level 4. HP: 16/29 MP: 4/4
  1153 | D:2      | Noticed Sigmund
  1164 | D:2      | Killed Sigmund
  1164 | D:2      | Reached skill level 3 in Maces & Flails
  1164 | D:2      | Reached XP level 5. HP: 13/33 MP: 5/5
  1164 | D:2      | Reached XP level 6. HP: 15/38 MP: 6/6
  1535 | D:2      | Found a snail-covered altar of Cheibriados.
  1639 | D:2      | Reached skill level 1 in Dodging
  1716 | D:2      | Reached skill level 4 in Maces & Flails
  2385 | D:3      | Found a hide-covered altar of Uskayaw.
  2431 | D:3      | Noticed JeffiDaFish's ghost (amateur GrFi)
  2439 | D:3      | Gained mutation: Your magical capacity is low. (-10% MP) [potion of mutation]
  2439 | D:3      | Gained mutation: Your skin changes colour to match your surroundings (Stealth+). [potion of mutation]
  2439 | D:3      | Gained mutation: Your large and strong wings let you fly indefinitely. [potion of mutation]
  2473 | D:3      | Killed JeffiDaFish's ghost
  2473 | D:3      | Reached skill level 5 in Shields
  3117 | D:4      | Reached XP level 7. HP: 43/43 MP: 6/6
  3450 | D:4      | HP: 2/43 [orc priest/nerve-wracking pain (5)]
  3911 | D:4      | Reached skill level 5 in Maces & Flails
  3943 | D:5      | Entered Level 5 of the Dungeon
  4094 | D:5      | Found Zotunkitz's Jewellery Boutique.
  4167 | D:5      | Reached skill level 5 in Armour
  4292 | D:5      | Noticed Dowan
  4294 | D:5      | Noticed Duvessa
  4308 | D:5      | Killed Duvessa
  4328 | D:5      | Killed Dowan
  4328 | D:5      | Reached skill level 6 in Maces & Flails
  4328 | D:5      | Reached XP level 8. HP: 28/48 MP: 7/7
  5246 | D:6      | Found a sand-covered staircase.
  5251 | Ossuary  | Entered an ossuary
  5556 | D:6      | Reached skill level 7 in Maces & Flails
  5752 | D:6      | Found a deep blue altar of Sif Muna.
  5885 | D:6      | Reached skill level 5 in Fighting
  5937 | D:6      | Killed from afar by an orc priest

Skill      XL: |  1  2  3  4  5  6  7  8 |
---------------+-------------------------+-----
Shields        | 4 5 6 |  6.2
Fighting       | 4 5 |  5.0
Maces & Flails | 3 4 6 7 |  7.3
Armour         | 4 5 |  5.5
Dodging        | 1 |  1.8
Stealth        | |  0.2

Action                   |  1- 3 |  4- 6 |  7- 9 || total
-------------------------+-------+-------+-------++-------
Melee: Flail             |    81 |   301 |   142 ||   524
       Morningstar       |       |       |   217 ||   217
  Use: Scroll            |     6 |     3 |     4 ||    13
       Potion            |     2 |     4 |     6 ||    12
  Eat: Chunk             |       |     8 |     5 ||    13
       Bread ration      |       |       |     1 ||     1
Armor: Scale mail        |    46 |    22 |       ||    68
       Chain mail        |       |   114 |   226 ||   340
       Plate armour      |       |       |    18 ||    18
Dodge: Dodged            |    28 |    70 |    90 ||   188
Block: Shield            |    49 |   140 |   187 ||   376
